Map: Eternal Empire LE

Players

antagomiR

  • Race: Protoss Protoss
  • League: Gold
  • Spawn Location: 1:00

ChristKill - Winner!

  • Race: Protoss Protoss
  • Spawn Location: 7:00

VOD

Have the link to the VOD?

Description

Time

  • Played on: April 1, 2020, 11:51 p.m.
  • Length: 5:12
Show
View Real Time Build Order
Export as new Build Order

antagomiR Protoss 

Build Orders: Double Forge 

Get SALT Encoding   

  12  0:01  Probe  
  13  0:13  Probe  
  14  0:22  Pylon  
  14  0:25  Probe  
  15  0:40  Probe  
  16  0:43  Gateway  
  16  0:52  Probe  
  17  0:57  Assimilator  
  18  1:04  Probe  
  18  1:06  Pylon  
  18  1:16  Probe  
  19  1:28  Probe  
  20  1:33  Cybernetics Core  
  20  1:35  Pylon  
  20  1:40  Gateway  
  20  1:43  Probe  
  21  1:59  Zealot (Chrono Boost)  
  23  2:09  Forge  
  23  2:25  Forge  
  23  2:44  Photon Cannon  
  23  2:46  Stalker  
  23  2:47  Stalker  
  27  2:57  Twilight Council  
  27  3:03  Photon Cannon  
  18  3:33  Pylon  
  13  4:15  Zealot (Chrono Boost)  
  17  4:28  Photon Cannon  
  17  4:30  Photon Cannon  
  15  4:33  Zealot  
  17  4:39  Photon Cannon  
  15  4:46  Probe  
  16  4:55  Photon Cannon  
  16  4:58  Probe, Photon Cannon  
Show
View Real Time Build Order
Export as new Build Order

ChristKill Protoss - Winner!

Build Orders: Cannon Rush 

Get SALT Encoding   

  12  0:02  Probe (Chrono Boost)  
  13  0:27  Pylon  
  13  0:29  Probe  
  14  0:41  Probe  
  15  0:47  Forge  
  15  0:53  Probe  
  16  0:58  Pylon  
  16  1:06  Probe  
  17  1:22  Photon Cannon  
  17  1:27  Photon Cannon  
  17  1:30  Probe (Chrono Boost)  
  18  1:39  Photon Cannon  
  18  2:13  Pylon  
  18  2:22  Photon Cannon  
  18  2:28  Pylon  
  18  2:38  Photon Cannon  
  18  2:44  Photon Cannon  
  18  3:04  Photon Cannon  
  18  3:15  Photon Cannon  
  18  3:33  Photon Cannon  
  18  3:42  Probe  
  18  3:46  Assimilator  
  19  3:50  Assimilator  
  19  3:54  Probe  
  20  4:01  Pylon  
  20  4:04  Pylon  
  20  4:06  Probe, Photon Cannon  
  20  4:07  Photon Cannon  
  21  4:12  Photon Cannon  
  21  4:15  Pylon  
  21  4:18  Probe  
  21  4:20  Pylon  
  22  4:25  Photon Cannon  
  22  4:33  Pylon  
  22  4:40  Photon Cannon  
  22  4:50  Photon Cannon  
  22  5:01  Photon Cannon  
  22  5:10  Pylon  
Tags
 
League
Gold
Matchup
PvP
Replay Pack
20200422
Spawn Locations
Cross Positions
Add a new tag
Caveats
  • Supply blocks, unpowered buildings, or Contaminate may cause inaccurate times.
  • Supply counts are checked every 10 seconds.